 Dungeon Crawl Stone Soup version 0.22-a0-858-g985ef60 (webtiles) character file.

335 yoda5477 the Charmwright (level 6, -7/51 HPs)
             Began as a Gnoll Skald on July 27, 2018.
             Was a Believer of Cheibriados.
             Mangled by Pikel
             ... wielding a +1 whip of electrocution
              (13 damage)
             ... on level 4 of the Dungeon.
             The game lasted 00:22:42 (5166 turns).

yoda5477 the Charmwright (Gnoll Skald)              Turns: 5166, Time: 00:22:42

Health: -7/51      AC:  4    Str: 19    XL:     6   Next: 53%
Magic:  2/14       EV: 15    Int: 19    God:    Cheibriados [**....]
Gold:   231        SH:  0    Dex: 19    Spells: 10/15 levels left

rFire    + . .     SeeInvis .   e - -3 dagger (curse)
rCold    . . .     Gourm    .   (no shield)
rNeg     . . .     Faith    .   b - +0 leather armour
rPois    .         Spirit   .   (no helmet)
rElec    .         Reflect  .   l - +0 cloak
rCorr    .         Harm     .   (no gloves)
MR       .....                  (no boots)
Stlth    ++........             (no amulet)
HPRegen  0.17/turn              h - ring of protection from fire
MPRegen  0.14/turn              (no ring)

@: very slow
A: distributed training, fangs 1, strong nose
a: Bend Time, Renounce Religion


You were on level 4 of the Dungeon.
You worshipped Cheibriados.
Cheibriados was pleased with you.
You were not hungry.

You visited 1 branch of the dungeon, and saw 4 of its levels.

You collected 231 gold pieces.

Inventory:

Hand Weapons
 a - a +0 hand axe
 e - a cursed -3 dagger (weapon)
 k - a +0 whip
 q - a +1 dagger of venom
 t - a +0 flail
 u - a +0 trident
 v - a +0 long sword
 y - a +4 dagger of electrocution
Armour
 b - a +0 leather armour (worn)
 l - a +0 cloak (worn)
 n - a +0 ring mail
Jewellery
 h - a ring of protection from fire (left hand)
Wands
 w - a wand of enslavement (12)
Scrolls
 i - a scroll of fog
 m - a scroll of magic mapping
 r - a scroll of amnesia
 s - a scroll of identify
Potions
 c - 2 potions of might
 f - 2 potions of agility {unknown}
 g - a potion of cancellation {unknown}
 j - a potion of curing {unknown}
 o - a potion of mutation {unknown}
 x - a potion of degeneration {unknown}
 z - a potion of brilliance {unknown}
 A - 2 potions of invisibility {unknown}
Comestibles
 d - 5 rations
 p - 2 chunks of flesh


   Skills:
 + Level 5.0 Fighting
 + Level 2.0 Short Blades
 + Level 2.0 Long Blades
 + Level 5.0 Axes
 + Level 2.0 Maces & Flails
 + Level 2.0 Polearms
 + Level 2.0 Staves
 + Level 2.0 Slings
 + Level 2.0 Bows
 + Level 2.0 Crossbows
 + Level 2.0 Throwing
 + Level 3.2 Armour
 + Level 5.0 Dodging
 + Level 2.0 Stealth
 + Level 2.0 Shields
 + Level 2.0 Unarmed Combat
 + Level 5.3 Spellcasting
 + Level 1.5 Conjurations
 + Level 1.5 Hexes
 + Level 5.6 Charms
 + Level 1.5 Summonings
 + Level 1.5 Necromancy
 + Level 1.5 Translocations
 + Level 1.5 Transmutations
 + Level 1.5 Fire Magic
 + Level 1.5 Ice Magic
 + Level 1.5 Air Magic
 + Level 1.5 Earth Magic
 + Level 1.5 Poison Magic
 + Level 2.1 Invocations
 + Level 2.0 Evocations


You had 10 spell levels left.
You knew the following spells:

 Your Spells              Type           Power        Failure   Level  Hunger
a - Infusion              Chrm           ####         1%          1    None
b - Song of Slaying       Chrm           ####....     1%          2    None
c - Shroud of Golubria    Chrm/Tloc      ###.......   4%          2    None

Your spell library contained the following spells:

 Spells                   Type           Power        Failure   Level  Hunger
 Regeneration             Chrm/Necr      ###.......   10%         3    ##.....
 Spectral Weapon          Hex/Chrm       ###.....     10%         3    ##.....


Dungeon Overview and Level Annotations

Branches:
Dungeon (4/15)
 Temple: D:4-7

Altars:
Cheibriados
Fedhas
Trog

Annotations:
D:4 Pikel


Innate Abilities, Weirdness & Mutations

Your experience applies equally to all skills.
You have very sharp teeth.
Your uncanny sense of smell can sniff out nearby items.


Message History

Pikel the Slaver comes into view.
He is wielding a whip of electrocution.
The orc hits you but does no damage.
You hit the orc.
The orc is moderately wounded.
You are no longer magically infusing your attacks.
The orc hits you with a flail.
* * * LOW HITPOINT WARNING * * *
Your song has ended.
The orc barely misses you.
The slave shouts!
A quokka comes into view.
The orc hits you with a flail.
* * * LOW HITPOINT WARNING * * *
Okay, then.
As you read the scroll of fog, it crumbles to dust.
The scroll dissolves into smoke.
The orc closely misses you.
Pikel hits you with a whip of electrocution!
* * * LOW HITPOINT WARNING * * *
You are electrocuted!
You die...

##########.# .. #...Kp.....# ...
##.###.###..##...≈ #..# #.#
#........ #######
#§§###'###.##.#... ......#
#§§###_oo.....o... #####.#
#§§###r###........ #.# #Ko# #.#
#.......≈ #.# #@§###.###........
#.# #§§§.............. #.#
#..#######........ #####.# #.##
.. .. ......### #.# ........
##......#### #.# .......o
.....>.....# #.# ........
##......##.#####.########.......
#..............................p


You could see Pikel and an orc.

Vanquished Creatures
  A slave (D:4)
  An orc priest (D:3)
  A hound (D:4)
  A worker ant (D:4)
  A howler monkey zombie (D:3)
  2 gnolls (D:1)
  8 adders
  An ooze (D:3)
  4 worms
  5 dart slugs
  4 leopard geckos (D:1)
  7 orcs
  14 giant cockroaches
  15 goblins
  8 hobgoblins
  12 jackals
  10 kobolds
  A ball python (D:1)
  10 bats
  9 frilled lizards
  7 rats
122 creatures vanquished.

Notes
Turn   | Place    | Note
-------+----------+-------------------------------------------
     0 | D:1      | yoda5477 the Gnoll Skald began the quest for the Orb.
     0 | D:1      | Reached XP level 1. HP: 20/20 MP: 6/6
   150 | D:1      | Reached XP level 2. HP: 26/26 MP: 7/7
   712 | D:1      | Reached XP level 3. HP: 10/31 MP: 3/9
   713 | D:1      | Reached skill level 5 in Spellcasting
  1314 | D:1      | Reached skill level 1 in Invocations
  1470 | D:1      | Reached skill level 1 in Short Blades
  1470 | D:1      | Reached skill level 1 in Long Blades
  1470 | D:1      | Reached skill level 1 in Maces & Flails
  1470 | D:1      | Reached skill level 1 in Polearms
  1470 | D:1      | Reached skill level 1 in Staves
  1470 | D:1      | Reached skill level 1 in Slings
  1470 | D:1      | Reached skill level 1 in Bows
  1470 | D:1      | Reached skill level 1 in Crossbows
  1470 | D:1      | Reached skill level 1 in Throwing
  1470 | D:1      | Reached skill level 1 in Stealth
  1470 | D:1      | Reached skill level 1 in Shields
  1470 | D:1      | Reached skill level 1 in Unarmed Combat
  1470 | D:1      | Reached skill level 1 in Evocations
  1619 | D:1      | Reached XP level 4. HP: 19/38 MP: 6/11
  2025 | D:2      | Reached skill level 1 in Conjurations
  2025 | D:2      | Reached skill level 1 in Hexes
  2025 | D:2      | Reached skill level 1 in Summonings
  2025 | D:2      | Reached skill level 1 in Necromancy
  2025 | D:2      | Reached skill level 1 in Translocations
  2025 | D:2      | Reached skill level 1 in Transmutations
  2025 | D:2      | Reached skill level 1 in Fire Magic
  2025 | D:2      | Reached skill level 1 in Ice Magic
  2025 | D:2      | Reached skill level 1 in Air Magic
  2025 | D:2      | Reached skill level 1 in Earth Magic
  2025 | D:2      | Reached skill level 1 in Poison Magic
  2136 | D:2      | HP: 1/38 [worm (8)]
  2626 | D:2      | Learned a level 2 spell: Song of Slaying
  2629 | D:2      | Learned a level 2 spell: Shroud of Golubria
  2692 | D:2      | Reached XP level 5. HP: 43/43 MP: 12/12
  2863 | D:2      | Found a snail-covered altar of Cheibriados.
  2900 | D:2      | Became a worshipper of Cheibriados the Contemplative
  3695 | D:3      | Reached * piety under Cheibriados
  3783 | D:3      | Reached XP level 6. HP: 28/50 MP: 0/13
  4507 | D:4      | Noticed a slave
  4508 | D:4      | Noticed a slave
  4872 | D:4      | Reached ** piety under Cheibriados
  4991 | D:4      | Found a bloodstained altar of Trog.
  5021 | D:4      | Reached skill level 5 in Fighting
  5021 | D:4      | Reached skill level 5 in Axes
  5021 | D:4      | Reached skill level 5 in Dodging
  5106 | D:4      | Found a blossoming altar of Fedhas.
  5119 | D:4      | Noticed a slave
  5155 | D:4      | Killed a slave
  5156 | D:4      | Noticed Pikel
  5166 | D:4      | Mangled by Pikel

Vault maps used:
D:1:      minmay_arrival_semitransparent, minmay_lizard_pond
D:2:      minmay_roachtagon, kennysheep_slug_shrine, first_ration
D:3:      interstate_on_off, minmay_vboxes
D:4:      lemuel_doored_altar, bloody_trog, skrybe_limestone_x, uniq_pikel

Skill      XL: |  1  2  3  4  5  6 |
---------------+-------------------+-----
Spellcasting   | 5 |  5.3
Invocations    | 1 2 |  2.1
Short Blades   | 1 2 |  2.0
Long Blades    | 1 2 |  2.0
Maces & Flails | 1 2 |  2.0
Polearms       | 1 2 |  2.0
Staves         | 1 2 |  2.0
Slings         | 1 2 |  2.0
Bows           | 1 2 |  2.0
Crossbows      | 1 2 |  2.0
Throwing       | 1 2 |  2.0
Stealth        | 1 2 |  2.0
Shields        | 1 2 |  2.0
Unarmed Combat | 1 2 |  2.0
Evocations     | 1 2 |  2.0
Conjurations   | 1 |  1.5
Hexes          | 1 |  1.5
Summonings     | 1 |  1.5
Necromancy     | 1 |  1.5
Translocations | 1 |  1.5
Transmutations | 1 |  1.5
Fire Magic     | 1 |  1.5
Ice Magic      | 1 |  1.5
Air Magic      | 1 |  1.5
Earth Magic    | 1 |  1.5
Poison Magic   | 1 |  1.5
Armour         | 3 |  3.2
Fighting       | 5 |  5.0
Axes           | 5 |  5.0
Dodging        | 5 |  5.0
Charms         | |  5.6

Action                   |  1- 3 |  4- 6 || total
-------------------------+-------+-------++-------
Melee: Dagger            |   118 |   482 ||   600
       Hand axe          |     6 |       ||     6
       Bite              |     8 |    64 ||    72
       Punch             |       |     4 ||     4
 Cast: Infusion          |    12 |    32 ||    44
       Song of Slaying   |       |    13 ||    13
       Shroud of Golubri |       |    10 ||    10
  Use: Scroll            |     5 |     3 ||     8
 Stab: Sleeping          |       |     2 ||     2
  Eat: Chunk             |     2 |    10 ||    12
Armor: Leather armour    |    39 |   115 ||   154
Dodge: Dodged            |   148 |   419 ||   567

Table legend:
 A = Spawn XP
 B = Non-spawn XP
 C = Spawn XP percentage of total XP
 D = Spawn monster count
 E = Non-spawn monster count
 F = Spawn count percentage of total count
 G = Total turns spent on level
                    A         B        C        D         E        F      G
               +---------+---------+-------+---------+---------+-------+---------
         Total |       0 |     479 |   0.0 |       0 |     121 |   0.0 |  5166
               +---------+---------+-------+---------+---------+-------+---------
           D:1 |       0 |      92 |   0.0 |       0 |      34 |   0.0 |  1832
           D:2 |       0 |     127 |   0.0 |       0 |      39 |   0.0 |  1591
           D:3 |       0 |     163 |   0.0 |       0 |      39 |   0.0 |  1109
           D:4 |       0 |      97 |   0.0 |       0 |       9 |   0.0 |   634
               +---------+---------+-------+---------+---------+-------+---------
